 Dungeon Crawl Stone Soup version 0.30-a0-1157-g2cc9ac7196 (webtiles) character file.

Game seed: 13343974209068276758

651640 freelancePsychic the Warrior (level 25, -1/230 (233) HPs)
             Began as a Demigod Fire Elementalist on Apr 24, 2023.
             Engulfed by Zaunteil the pandemonium lord's freezing vapour (5 damage)
             ... on level 5 of the Realm of Zot on Apr 25, 2023.
             The game lasted 03:05:53 (93757 turns).

freelancePsychic the Warrior (DgFE)                Turns: 93757, Time: 03:05:53

HP:   -1/230 (233)  AC: 29    Str: 17    XL:     25   Next: 99%
MP:   6/42          EV: 20    Int: 48    God:
Gold: 1244          SH: 20    Dex: 22    Spells: 10/44 levels left

rFire   + + +        H - +18 lance "Wyrmbane" {slay drac, rPois rF+ rC+ AC+3}
rCold   + . .        U - +5 kite shield {AC+3}
rNeg    + + .        E - +4 scale mail "Gijid" {Will+ Int+4}
rPois   +            P - +0 helmet of Noon {Int+3}
rElec   +            V - +2 cloak {Stlth+}
rCorr   .            F - +3 pair of gauntlets of War {Slay+5}
SInv    .            I - +2 pair of boots {Fly}
Will    ++++.        q - amulet "Arrecaot" {Regen+ Dex+4}
Stlth   ++           R - ring of Coomo {rElec rN+ Int+6}
HPRegen 1.38/turn    n - ring "Tudat" {Wiz rF++ rN+ Stlth+}
MPRegen 0.28/turn

%: wizardry (x1)
@: mighty, brilliant, marked, flying, very slightly contaminated, studying
Stealth, lightly drained
A: high MP 1, forlorn, divine attributes, deformed body, dopey 1, strong-willed
1
0: Orb of Zot
}: 4/15 runes: barnacled, silver, abyssal, gossamer
a: no special abilities


You were on level 5 of the Realm of Zot.
You visited 11 branches of the dungeon, and saw 51 of its levels.
You visited the Abyss 2 times.
You visited 1 bazaar.
You also visited: Bailey and Wizlab.

You collected 6537 gold pieces.
You spent 5293 gold pieces at shops.

Inventory:

Hand Weapons
 H - the +18 lance "Wyrmbane" (weapon) {slay drac, rPois rF+ rC+ AC+3}
   (You took it off an orc warrior in a bailey)

   AC:        It affects your AC (+3).
   rF:        It protects you from fire.
   rC:        It protects you from cold.
   rPois:     It protects you from poison.
Missiles
 A - 5 throwing nets
Armour
 h - +0 steam dragon scales
 E - the +4 scale mail "Gijid" (worn) {Will+ Int+4}
   (You found it on level 2 of the Elven Halls)

   Int:       It affects your intelligence (+4).
   Will:      It increases your willpower.
 F - the +3 pair of gauntlets of War (worn) {Slay+5}
   (You bought it in a shop on level 2 of the Orcish Mines)

   Slay:      It affects your accuracy & damage with ranged weapons and melee
   (+5).
 I - a +2 pair of boots of flying (worn)
 P - the +0 helmet of Noon (worn) {Int+3}
   (You found it on level 1 of the Vaults)

   Int:       It affects your intelligence (+3).
 U - a +5 kite shield of protection (worn)
 V - a +2 cloak of stealth (worn)
Jewellery
 n - the ring "Tudat" (right hand) {Wiz rF++ rN+ Stlth+}
   (You took it off a deep elf elementalist on level 3 of the Elven Halls)

   [ring of wizardry]

   It improves your spell success rate.
   rF:        It greatly protects you from fire.
   rN:        It protects you from negative energy.
   Stlth:     It makes you more stealthy.
 q - the amulet "Arrecaot" (around neck) {Regen+ Dex+4}
   (You took it off a deep elf blademaster on level 3 of the Elven Halls)

   [amulet of regeneration]

   Dex:       It affects your dexterity (+4).
   Regen:     It increases your rate of health regeneration.
 C - the ring of Mipsaqy {AC+4 Int+3}
   (You bought it in a shop on level 11 of the Dungeon)

   [ring of protection]

   AC:        It affects your AC (+4).
   Int:       It affects your intelligence (+3).
 K - the ring "Hamomuept" {Will+ Str-3 Int+3 Stlth+}
   (You found it on level 1 of the Crypt)

   [ring of willpower]

   Str:       It affects your strength (-3).
   Int:       It affects your intelligence (+3).
   Will:      It increases your willpower.
   Stlth:     It makes you more stealthy.
 R - the ring of Coomo (left hand) {rElec rN+ Int+6}
   (You acquired it on level 2 of the Elven Halls)

   [ring of intelligence]

   Int:       It affects your intelligence (+6).
   rElec:     It insulates you from electricity.
   rN:        It protects you from negative energy.
 W - the ring "Kepion" {*Corrode Fly Will+++ MP+9}
   (You found it in a wizard's laboratory)

   [ring of flight]

   MP:        It affects your magic capacity (+9).
   Fly:       It grants you flight.
   *Corrode:  It may corrode you when you take damage.
   Will:      It greatly increases your willpower.
 Z - a ring of fire
Wands
 c - a wand of light (17)
 r - a wand of digging (6)
 t - a wand of paralysis (59)
 y - a wand of mindburst (42)
 L - a wand of iceblast (53)
 N - a wand of polymorph (15)
 O - a wand of flame (113)
Scrolls
 a - 11 scrolls of vulnerability
 j - 8 scrolls of poison
 l - 8 scrolls of magic mapping
 p - 6 scrolls of amnesia
 u - 6 scrolls of silence
 w - 6 scrolls of brand weapon
 x - 10 scrolls of teleportation {@r4}
 B - a scroll of butterflies
 J - 4 scrolls of fog
 S - a scroll of enchant armour
 T - 3 scrolls of fear
 X - 3 scrolls of immolation
Potions
 b - 9 potions of attraction
 d - 14 potions of lignification
 i - 2 potions of might
 k - 4 potions of brilliance
 m - a potion of berserk rage
 o - 10 potions of mutation
 v - 3 potions of magic
 z - 17 potions of curing {@q1}
 D - a potion of resistance
 G - 11 potions of flight
 Q - 5 potions of invisibility
 Y - 3 potions of ambrosia
Miscellaneous
 s - a lightning rod (4/4)
 M - a box of beasts


   Skills:
 - Level 20.4 Fighting
 - Level 12.0 Polearms
 - Level 12.3 Armour
 - Level 15.8 Dodging
 - Level 8.5 Stealth
 - Level 16.0 Shields
 - Level 10.0 Spellcasting
 + Level 18.3 Conjurations
 - Level 6.0 Necromancy
 - Level 8.0 Transmutations
 - Level 7.6 Fire Magic
 - Level 7.6 Ice Magic
 + Level 18.4 Air Magic
 - Level 8.1 Earth Magic


You had 10 spell levels left.
You knew the following spells:

 Your Spells              Type           Power      Damage    Failure   Level
a - Chain Lightning       Conj/Air       70%        3d93      63%         9
b - Borgnjor's Vile Clut  Necr/Erth      47%        N/A       2%          5
c - Maxwell's Capacitive  Air            70%        ∞         6%          8
d - Sublimation of Blood  Necr           89%        N/A       1%          2
e - Arcjolt               Conj/Air       70%        1d80      1%          5
h - Irradiate             Conj/Tmut      61%        3d32      1%          5

Your spell library contained the following spells:

 Spells                   Type           Power      Damage    Failure   Level
 Foxfire                  Conj/Fire      100%       2x1d9     0%          1
 Magic Dart               Conj           100%       1d8       0%          1
 Shock                    Conj/Air       100%       1d9       0%          1
 Static Discharge         Conj/Air       100%       2-7/arc   0%          2
 Swiftness                Air            100%       N/A       0%          3
 Airstrike                Air            70%        2d(10-26) 0%          4
 Apportation              Tloc           72%        N/A       1%          1
 Kiss of Death            Conj/Necr      100%       2d13      1%          1
 Necrotise                Necr           100%       1d9       1%          1
 Sandblast                Erth           100%       2d20      1%          1
 Sting                    Tmut/Pois      100%       1d8       1%          1
 Summon Small Mammal      Summ           100%       N/A       1%          1
 Cigotuvi's Dreadful Rot  Necr/Pois/Air  100%       N/A       1%          2
 Ensorcelled Hibernation  Hex/Ice        100%       N/A       1%          2
 Momentum Strike          Conj/Tloc      100%       3d10      1%          2
 Passwall                 Tmut/Erth      83%        N/A       1%          2
 Poisonous Vapours        Pois/Air       100%       N/A       1%          2
 Scorch                   Fire           100%       2d9       1%          2
 Wereblood                Tmut           100%       N/A       1%          2
 Hailstorm                Conj/Ice       100%       3d20      1%          3
 Ignite Poison            Fire/Tmut/Pois 84%        N/A       1%          3
 Inner Flame              Hex/Fire       75%        N/A       1%          3
 Mephitic Cloud           Conj/Pois/Air  100%       N/A       1%          3
 Ozocubu's Armour         Ice            98%        N/A       1%          3
 Spider Form              Tmut/Pois      76%        N/A       1%          3
 Stone Arrow              Conj/Erth      100%       3d13      1%          3
 Vampiric Draining        Necr           89%        2d12      1%          3
 Volatile Blastmotes      Fire/Tloc      100%       2d18      1%          3
 Animate Dead             Necr           89%        N/A       1%          4
 Dispel Undead            Necr           89%        3d28      1%          4
 Flame Wave               Conj/Fire      100%       2d21      1%          4
 Fulminant Prism          Conj/Hex       53%        3d22      1%          4
 Ice Form                 Ice/Tmut       99%        N/A       1%          4
 Petrify                  Tmut/Erth      100%       N/A       1%          4
 Summon Lightning Spire   Summ/Air       100%       N/A       1%          4
 Blade Hands              Tmut           50%        N/A       1%          5
 Freezing Cloud           Conj/Ice/Air   64%        6-21      1%          5
 Iskenderun's Battlesphe  Conj           100%       2d15      1%          5
 Lee's Rapid Deconstruct  Erth           50%        3d24*     1%          5
 Iron Shot                Conj/Erth      61%        9d11      1%          6
 Starburst                Conj/Fire      61%        6d16      1%          6
 Blink                    Tloc           72%        N/A       2%          2
 Call Imp                 Summ           72%        N/A       2%          2
 Lesser Beckoning         Tloc           72%        N/A       2%          2
 Leda's Liquefaction      Hex/Erth       38%        N/A       3%          4
 Confusing Touch          Hex            36%        N/A       4%          3
 Portal Projectile        Hex/Tloc       72%        N/A       4%          3
 Tukima's Dance           Hex            36%        N/A       4%          3
 Anguish                  Hex/Necr       34%        N/A       4%          4
 Agony                    Necr           89%        N/A       4%          5
 Storm Form               Tmut/Air       61%        N/A       6%          7
 Alistair's Intoxication  Tmut/Pois      50%        N/A       9%          5
 Yara's Violent Unravell  Hex/Tmut       38%        3d15      9%          5
 Statue Form              Tmut/Erth      66%        N/A       9%          6
 Metabolic Englaciation   Hex/Ice        37%        N/A       10%         5
 Cause Fear               Hex            18%        N/A       16%         4
 Manifold Assault         Tloc           36%        N/A       16%         4
 Olgreb's Toxic Radiance  Pois           36%        N/A       16%         4
 Passage of Golubria      Tloc           36%        N/A       16%         4
 Simulacrum               Ice/Necr       47%        N/A       16%         6
 Death Channel            Necr           44%        N/A       21%         6
 Spellforged Servitor     Conj/Summ      53%        N/A       32%         7
 Summon Forest            Summ/Tloc      18%        N/A       41%         5
 Summon Mana Viper        Hex/Summ       36%        N/A       41%         5
 Eringya's Noxious Bog    Tmut/Pois      38%        N/A       43%         6
 Lehudib's Crystal Spear  Conj/Erth      61%        10d14     43%         8
 Dragon Form              Tmut           50%        N/A       45%         7
 Summon Cactus Giant      Summ           18%        N/A       91%         6
 Enfeeble                 Hex            18%        N/A       100%        7
 Malign Gateway           Summ/Tloc      18%        N/A       100%        7
 Monstrous Menagerie      Summ           18%        N/A       100%        7
 Summon Hydra             Summ           18%        N/A       100%        7
 Death's Door             Necr           44%        N/A       100%        9
 Dragon's Call            Summ           18%        N/A       100%        9
 Fire Storm               Conj/Fire      61%        8d15      100%        9
 Shatter                  Erth           50%        3d38*     100%        9


Dungeon Overview and Level Annotations

Branches:
Dungeon (15/15)            Temple (0/1) D:6            Lair (5/5) D:8
 Shoals (4/4) Lair:3       Spider (4/4) Lair:2        Slime (0/5) Lair:4
    Orc (2/2) D:9             Elf (3/3) Orc:2        Vaults (5/5) D:13
  Crypt (3/3) Vaults:2       Tomb (0/3) Crypt:3      Depths (4/4) D:15
   Hell (visited)             Dis (0/7) Hell            Geh (0/7) Hell
    Coc (0/7) Hell            Tar (0/7) Hell            Zot (5/5) Depths:4
 Bailey (visited)          WizLab (visited)

Shops:
D:6 (**   D:8 (:   D:11 *   Orc:2 [([[   Elf:3 (   Shoals:1 [   Vaults:1 (*(
Vaults:5 *   Zot:4 *   Depths:1 [   Depths:3 ?([   Depths:4 (:

Portals:
Hell: Depths:1 Depths:2 Depths:3 Depths:4
Abyss: Depths:1 Depths:3 Depths:4
Pandemonium: Depths:2 Depths:4
Ziggurat: Depths:1
Bazaar: Vaults:2 Depths:3

Annotations:
D:6 1 runed translucent door, Crazy Yiuf
D:7 1 runed translucent door, Darkkill's ghost, novice MiHu
D:10 Nergalle
D:11 3 runed translucent doors, Onirobin's ghost, journeyman DjHW
D:12 3 runed translucent doors, LobsterGuardian's ghost, journeyman DsFi
Lair:4 exclusion: oklob plant
Orc:2 3 runed translucent doors, exclusion: obsidian statue, bmack86's ghost, journeyman MiFi
Depths:1 Murray
Depths:3 exclusion: door
Depths:4 Parghit


Innate Abilities, Weirdness & Mutations

You have an increased reservoir of magic. (+10% MP)
You shall have no god before yourself.
Your divine heritage dramatically boosts your attributes as you level up.
Armour fits poorly on your strangely shaped body.
You are dopey. (Int -2)
You are strong-willed. (Will+)


Message History

Your butterfly shudders. x2
Your butterfly disappears in a burst of colours!
Your butterfly shudders.
Your butterfly disappears in a burst of colours! x2
Your butterfly shudders. x4
You struggle against the net.
You are engulfed in freezing vapours.
You resist.
Your butterfly disappears in a burst of colours!
The electric golem hurls lightning at you.
The bolt of lightning hits you. You resist.
* * * LOW HITPOINT WARNING * * *
The bolt of lightning hits your butterfly!!!
Your butterfly dies!
Your butterfly disappears in a burst of colours!
Zaunteil tramples you!
* * * LOW HITPOINT WARNING * * *
You are shoved backwards!
The dread lich is engulfed in freezing vapours.
The dread lich touches you but does no damage.
The death cob completely misses your butterfly.
The tentacled monstrosity is engulfed in freezing vapours.
You block Zaunteil's attack. The dread lich completely misses you.
The shadow demon closely misses your butterfly.
The electric golem blinks!
The tentacled monstrosity is engulfed in freezing vapours.
Your butterfly is engulfed in freezing vapours.
Your butterfly dies!
Your butterfly disappears in a burst of colours!
Your butterfly disappears in a burst of colours! x2
Ysyun is engulfed in freezing vapours.
The tentacled monstrosity is engulfed in freezing vapours.
The electric golem is engulfed in freezing vapours.
The electric golem blinks!
The dread lich gestures wildly while chanting.
The dread lich flickers and vanishes!
The tentacled monstrosity tentacle-slaps your butterfly!
Your butterfly dies!
Your butterfly disappears in a burst of colours!
You closely miss the orb of fire.
You are engulfed in freezing vapours.
You resist.
You die...

...# #...####...################
...# #...##.....................
#### ######.....)...............
###...................
####...##...#...####
########.########▓▓ #
#...............# ##
##....*........## ##.
#..§@☼b.....^.# ##..
##○○&°...9...## #^.. .........#
#&X{12b.b...# #... .........#
##z°.bb......## #... ....^....#
#.○.....d.....# #... .........#
##^....bX......## #...
....^....###.X.............###...
....°☼..###...###########...###..
...○○☼2##....## ##....##.


You could see Ysyun (ally target), Zaunteil (clouds), an orb of fire, a Hell
Sentinel (summoned), an electric golem, 2 tentacled monstrosities, a red
draconian (summoned), a death cob (summoned), an Orb Guardian and a shadow
demon.

Vanquished Creatures
  3 dread liches
  3 ancient liches
  2 orbs of fire (Zot:5)
  The ghost of Rudyous the Ignorant, a veteran DsFE of Sif Muna (Zot:2)
  4 Killer Klowns
  Frederick (Vaults:5)
  Vv (Zot:2)
  Margery (Depths:4)
  Bai Suzhen (Depths:1)
  2 curse toes (Zot:2)
  Geryon (Hell)
  10 golden dragons
  Jory (Depths:4)
  Nikola (Spider:2)
  Arachne (Spider:4)
  4 electric golems
  11 tentacled monstrosities
  An iron giant (Hell)
  Cloud Mage (WizLab)
  2 walking earthen tomes
  A hellephant (Abyss:4)
  Mlioglotl (Shoals:4)
  10 liches
  Jorgrun (Orc:2)
  23 Orb Guardians
  A walking frostbound tome (Depths:2)
  An acid blob (Depths:2)
  3 deep elf master archers (Elf:3)
  7 titans (Vaults:5)
  4 deep elf blademasters (Elf:3)
  5 sphinxes
  Polyphemus (Shoals:3)
  6 quicksilver dragons
  A kraken (Shoals:1)
  4 tentacled starspawn
  5 ancient champions
  6 death cobs
  8 tengu reavers
  Kirke (D:13)
  7 shadow dragons
  Donald (Vaults:1)
  6 azure jellies
  9 storm dragons
  4 draconian monks
  5 revenants
  3 rockslimes
  An azure jelly (shapeshifter) (Vaults:5)
  5 iron dragons
  7 draconian knights
  15 frost giants
  21 vault wardens
  Ilsuiw (Shoals:3)
  8 fire giants
  2 draconian scorchers
  A balrug (Hell)
  4 deep elf sorcerers
  5 emperor scorpions
  4 orc warlords
  9 deep elf elementalists
  2 draconian stormcallers
  5 draconian annihilators
  7 ghost moths
  2 curse skulls
  6 ghouls
  A juggernaut skeleton (Crypt:3)
  20 ironbound preservers
  10 reapers
  16 stone giants
  2 broodmothers
  26 very ugly things
  3 draconian shifters
  3 quicksilver oozes (Depths:2)
  12 vampire knights
  A deep elf demonologist (Elf:3)
  8 ironbound thunderhulks
  12 green draconians
  3 war gargoyles
  7 black draconians
  25 dire elephants
  15 white draconians
  3 putrid mouths (Hell)
  18 spark wasps
  4 red draconians
  A spectral titan (Depths:3)
  12 purple draconians
  5 deep elf annihilators
  7 starcursed masses
  14 yellow draconians
  2 crystal guardians (Vaults:4)
  4 merfolk javelineers
  13 deep elf death magi
  7 eidola
  2 iron golems (Depths:1)
  14 jiangshi
  7 merfolk impalers
  Josephine (D:13)
  5 blizzard demons
  12 ettins
  9 entropy weavers
  A quicksilver dragon zombie (Crypt:1)
  5 deep elf high priests
  10 fire dragons
  A spriggan zombie (Crypt:2)
  11 great orbs of eyes
  A fenstrider witch zombie (Crypt:2)
  A spectral spriggan (Crypt:3)
  A rakshasa (Depths:2)
  15 yaktaur captains
  6 hydras
  5 ironbound frosthearts
  2 ogre magi (Abyss:4)
  3 ghost crabs (WizLab)
  A jorogumo (Spider:4)
  32 vault guards
  5 ice dragons
  8 spriggan air magi
  2 peacekeepers
  4 alligator snapping turtles
  4 merfolk aquamancers (Shoals:4)
  A spectral fire giant (Depths:3)
  14 centaur warriors
  9 boulder beetles
  10 dancing weapons
  A spriggan skeleton (Crypt:2)
  4 catoblepae
  2 death knights
  3 two-headed ogres
  4 deep troll shamans
  8 tengu warriors
  5 deep troll earth magi
  4 radroaches
  15 vampire magi
  5 hell hogs
  A titan zombie (Crypt:1)
  A bennu skeleton (Crypt:1)
  A thrashing horror (Abyss:1)
  6 death yaks
  A death yak (shapeshifter) (Vaults:5)
  15 hell knights
  2 orc high priests
  5 spriggan berserkers
  11 soul eaters
  5 iron trolls
  9 deep elf knights
  7 sun demons
  2 shock serpents (WizLab)
  Sonja (Lair:1)
  A fire crab (D:8)
  A sixfirhy (Abyss:4)
  21 shadow wraiths
  2 spatial maelstroms
  A wretched star (Abyss:4)
  4 skysharks
  11 large abominations
  A storm dragon skeleton (Depths:3)
  A death drake (WizLab)
  4 sun moths
  4 sea snakes
  7 pharaoh ants
  18 skeletal warriors
  52 deep trolls
  2 orange crystal statues
  A bunyip zombie (Crypt:2)
  A ghost moth zombie (Crypt:1)
  18 orb spiders
  11 deep elf archers
  An anaconda skeleton (Crypt:2)
  8 flayed ghosts
  7 wizards
  A harpy (shapeshifter) (Depths:2)
  A glowing orange brain (Depths:2)
  15 ironbound convokers
  29 phantasmal warriors
  A bog body (Crypt:1)
  28 deep elf pyromancers
  6 lindwurms
  A broodmother zombie (Crypt:1)
  6 necromancers
  3 shadow demons (Hell)
  12 orc knights
  4 steelbarb worms
  3 orc sorcerers
  21 deep elf zephyrmancers
  20 wolf spiders
  An oklob plant (Zot:3)
  A salamander (D:15)
  A manticore (shapeshifter) (Depths:4)
  12 manticores
  8 cyclopes
  3 harpies (Shoals:1)
  37 ugly things
  2 spectral ettins (Crypt:3)
  4 shining eyes (Depths:2)
  A stone giant skeleton (Crypt:2)
  4 fauns
  25 moths of wrath
  6 merfolk sirens
  5 smoke demons
  6 apocalypse crabs (WizLab)
  30 vault sentinels
  4 rust devils
  A spectral centaur (Crypt:3)
  15 elephants
  An eleionoma skeleton (Crypt:2)
  A guardian serpent (Lair:5)
  A torpor snail (shapeshifter) (Vaults:5)
  A dire elephant zombie (Crypt:2)
  8 water nymphs
  11 black mambas
  A gargoyle (D:12)
  A cane toad (shapeshifter) (D:13)
  7 demonic crawlers
  6 torpor snails
  An unseen horror (D:10)
  A molten gargoyle (Lair:4)
  A catoblepas zombie (Crypt:2)
  10 cane toads
  13 swamp worm zombies (Crypt:1)
  29 yaktaurs
  A komodo dragon (shapeshifter) (D:11)
  An efreet (Abyss:3)
  A spark wasp simulacrum (Depths:3)
  A tormentor (Depths:1)
  5 komodo dragons
  10 freezing wraiths
  4 rime drakes
  2 ice devils (Hell)
  A kobold demonologist (D:11)
  6 tengu conjurers
  2 spectral harpies (Crypt:3)
  A catoblepas skeleton (Crypt:3)
  An iron troll skeleton (Crypt:1)
  14 merfolk
  2 polar bears
  8 trolls
  6 hornets
  16 tarantellas
  A harpy zombie (Crypt:2)
  A meliai (shapeshifter) (D:14)
  3 raiju (Abyss:4)
  3 meliai (Spider:4)
  11 blink frogs
  6 wind drakes
  2 harpy skeletons
  A hellwing (Depths:4)
  A tarantella zombie (Crypt:3)
  19 flying skulls
  9 dream sheep
  8 snapping turtles
  12 slime creatures
  10 shadows
  34 jumping spiders
  A guardian serpent skeleton (Crypt:3)
  26 yaks
  3 spriggans
  8 air elementals (WizLab)
  20 culicivoras
  A vampire (D:13)
  16 wraiths
  10 wyverns
  A ynoxinul (Abyss:4)
  A golden eye (shapeshifter) (D:13)
  A basilisk (shapeshifter) (Depths:1)
  7 basilisks
  7 chaos spawn (Abyss:4)
  6 hogs (D:13)
  2 steam dragons
  10 water elementals
  3 golden eyes
  2 hogs (shapeshifter)
  A neqoxec (Abyss:3)
  9 fire bats
  A spatial vortex (Abyss:4)
  7 vampire mosquitoes (D:12)
  79 redbacks
  3 wargs
  A naga (shapeshifter) (Vaults:5)
  An acid dragon (D:10)
  A floating eye (shapeshifter) (Depths:1)
  34 orc warriors
  18 water moccasins
  A black bear (D:5)
  An ice beast (D:6)
  2 sky beasts
  2 small abominations
  3 boggarts (Vaults:3)
  A tengu (shapeshifter) (D:15)
  8 ogres
  59 wolves
  An ogre (shapeshifter) (Depths:4)
  9 centaurs
  A snapping turtle skeleton (Crypt:3)
  4 phantoms
  5 kobold brigands
  11 bullfrogs
  5 elf zombies (Elf:1)
  3 gnoll sergeants
  4 necrophages
  An earth elemental (Elf:2)
  A salamander skeleton (Crypt:2)
  6 scorpions
  A cyclops skeleton (Crypt:2)
  10 killer bees
  A yak skeleton (Crypt:1)
  2 polar bear skeletons
  A vampire bat (Lair:1)
  4 howler monkeys
  5 electric eels (Lair:4)
  A quasit (Abyss:4)
  2 jellies
  A human zombie (Crypt:1)
  An iron imp (Abyss:3)
  33 orc priests
  A gnoll bouda (D:8)
  A hound (D:5)
  3 sleepcaps
  A human skeleton (Crypt:3)
  23 orc wizards
  8 hell rats
  5 lightning spires (Zot:3)
  A boggart skeleton (Crypt:1)
  A deep dwarf zombie (Crypt:3)
  A naga zombie (Crypt:3)
  10 adders
  22 gnolls
  2 shadow imps
  A white imp (D:8)
  An ufetubus (D:5)
  An adder skeleton (Crypt:1)
  A worm (D:2)
  3 dart slugs
  97 orcs
  13 bats
  7 endoplasms
  2 giant cockroaches
  10 goblins
  10 hobgoblins
  13 jackals
  30 kobolds
  2 quokkas (D:3)
  8 ball pythons
  A frilled lizard (D:2)
  A giant cockroach zombie (Crypt:1)
  A hobgoblin zombie (Crypt:2)
  3 rats
  A bush (Lair:5)
  A creeping inferno (Hell)
  3 fire vortices (Hell)
  A starspawn tentacle (Abyss:3)
  2 tentacles (Shoals:1)
2407 creatures vanquished.

Vanquished Creatures (collateral kills)
  A large abomination (Abyss:4)
1 creature vanquished.

Vanquished Creatures (others)
  A draconian knight (Zot:1)
  A war gargoyle (Vaults:5)
  A reaper (Hell)
  A deep elf annihilator (Elf:3)
  A red draconian (Zot:5)
  A spark wasp (Spider:4)
  An iron troll (Hell)
  A pharaoh ant (Spider:4)
  A starcursed mass (Abyss:4)
  A deep elf pyromancer (Elf:1)
  A moth of wrath (Spider:4)
  A jumping spider (Spider:4)
  An acid dragon (Abyss:4)
  A small abomination (Zot:5)
  An orc wizard (Orc:2)
  2 hell rats (Hell)
  2 bushes (Lair:5)
  A creeping inferno (Hell)
  A fire vortex (Hell)
  196 foxfires
  51 fungi
  A lurking horror (Abyss:4)
  107 plants
  7 starspawn tentacles
  6 tentacles (Shoals:1)
389 creatures vanquished.

Grand Total: 2797 creatures vanquished

Notes
Turn   | Place    | Note
-------+----------+-------------------------------------------
     0 | D:1      | freelancePsychic the Demigod Fire Elementalist began the
                  | quest for the Orb.
     0 | D:1      | Reached XP level 1. HP: 14/14 MP: 5/5
    80 | D:1      | Reached skill level 1 in Conjurations
   249 | D:1      | Reached XP level 2. HP: 12/20 MP: 0/7
   252 | D:1      | Learned a level 2 spell: Scorch
  1607 | D:2      | Reached XP level 3. HP: 26/26 MP: 3/8
  2647 | D:3      | Reached XP level 4. HP: 30/33 MP: 0/9
  2996 | D:3      | Reached skill level 1 in Air Magic
  3166 | D:3      | Reached skill level 1 in Ice Magic
  3871 | D:4      | Noticed an angel
  3872 | D:4      | Noticed a balrug
  4077 | D:4      | Noticed a phantom
  4086 | D:4      | Killed a phantom
  4087 | D:4      | Reached XP level 5. HP: 38/38 MP: 0/10
  4418 | D:5      | Entered Level 5 of the Dungeon
  4480 | D:5      | Reached XP level 6. HP: 39/45 MP: 2/11
  5912 | D:4      | Reached XP level 7. HP: 47/50 MP: 1/13
  6010 | D:4      | Learned a level 5 spell: Freezing Cloud
  6830 | D:6      | Found a runed translucent door.
  6831 | D:6      | Noticed Crazy Yiuf
  6986 | D:6      | Reached XP level 8. HP: 57/57 MP: 8/14
  7279 | D:6      | Found a staircase to the Ecumenical Temple.
  7301 | D:6      | Found Fihauc's Weapon Shop.
  7333 | D:6      | Found Putemep's General Store.
  7342 | D:6      | Bought a scroll of teleportation for 33 gold pieces
  7512 | D:6      | Found Oneamyqo's General Store.
  7668 | D:7      | Reached skill level 5 in Conjurations
  8128 | D:7      | Reached skill level 1 in Fighting
  8128 | D:7      | Reached skill level 5 in Air Magic
  8136 | D:7      | Reached skill level 5 in Ice Magic
  8562 | D:7      | Reached skill level 2 in Fighting
  8734 | D:7      | Noticed Darkkill's ghost (novice MiHu)
  8737 | D:7      | Found a runed translucent door.
  8965 | D:7      | Reached XP level 9. HP: 68/68 MP: 15/15
  9414 | D:8      | Found Joyblozo's Book Shop.
  9718 | D:8      | Found Huaxug's Firing Range.
  9825 | D:8      | Reached skill level 3 in Fighting
 10101 | D:8      | Found a staircase to the Lair.
 10110 | D:8      | Noticed a fire crab
 10280 | D:8      | Killed a fire crab
 10595 | D:8      | Reached skill level 4 in Fighting
 12215 | D:10     | Entered Level 10 of the Dungeon
 12324 | D:10     | Found a flagged portal.
 12330 | Bailey   | Entered a bailey
 12338 | Bailey   | Noticed an orc knight
 12358 | Bailey   | Noticed an orc knight
 12409 | Bailey   | Upgraded the game from 0.30-a0-1124-g6e8f0f562f to
                  | 0.30-a0-1157-g2cc9ac7196
 12786 | Bailey   | Identified the +6 mace of Bloody Death {vamp, Dex+3}
 12947 | Bailey   | Killed an orc knight
 12948 | Bailey   | Reached XP level 10. HP: 75/80 MP: 7/17
 13112 | Bailey   | Killed an orc knight
 13219 | Bailey   | Got Nuityj's Verses on the Retinue
 13461 | D:10     | Reached skill level 5 in Fighting
 13831 | D:10     | Noticed Nergalle
 13996 | D:10     | Noticed a tengu warrior
 14052 | D:9      | Found a staircase to the Orcish Mines.
 14945 | D:10     | Killed a tengu warrior
 14946 | D:10     | Reached skill level 1 in Polearms
 15232 | D:10     | Noticed a two-headed ogre
 15238 | D:10     | Killed a two-headed ogre
 15239 | D:10     | Reached skill level 6 in Fighting
 15490 | D:11     | Found a runed translucent door.
 15620 | D:11     | Noticed a two-headed ogre
 15748 | D:11     | Noticed a boulder beetle
 15760 | D:11     | Killed a boulder beetle
 15761 | D:11     | Reached XP level 11. HP: 89/89 MP: 3/20
 15840 | D:11     | Killed a two-headed ogre
 15933 | D:11     | Found a runed translucent gate.
 15934 | D:11     | Found a runed translucent gate.
 15936 | D:11     | Found a runed translucent gate.
 15938 | D:11     | Noticed Onirobin's ghost (journeyman DjHW)
 16395 | D:11     | Found Sayroces's General Store.
 16795 | Lair:1   | Entered Level 1 of the Lair of Beasts
 16935 | Lair:1   | Reached skill level 5 in Polearms
 17146 | Lair:1   | Reached skill level 7 in Fighting
 17403 | Lair:1   | Noticed Sonja
 17411 | Lair:1   | Killed Sonja
 18700 | Lair:2   | Reached skill level 8 in Fighting
 19030 | Lair:2   | Reached XP level 12. HP: 88/103 MP: 0/21
 19655 | D:11     | Bought the ring of Mipsaqy {AC+4 Int+3} for 788 gold pieces
 20166 | Lair:2   | Found a hole to the Spider Nest.
 20776 | Lair:3   | Found a staircase to the Shoals.
 21198 | Lair:3   | Reached skill level 9 in Fighting
 21863 | Lair:4   | Reached skill level 10 in Polearms
 22056 | Lair:4   | Found a staircase to the Slime Pits.
 22191 | Lair:4   | Identified the +9 war axe "Kouhuseth" {drain, rElec rF+}
 22314 | Lair:4   | Noticed a seven-headed hydra
 22324 | Lair:4   | Killed a seven-headed hydra
 22332 | Lair:4   | Noticed a boulder beetle
 22354 | Lair:4   | Killed a boulder beetle
 22823 | Lair:4   | Noticed a four-headed hydra
 22829 | Lair:4   | Killed a four-headed hydra
 22831 | Lair:4   | Reached skill level 10 in Fighting
 22979 | Lair:4   | You are sucked into a shaft and drop 1 floor!
 22979 | Lair:5   | Entered Level 5 of the Lair of Beasts
 23753 | Lair:5   | Noticed a four-headed hydra
 23757 | Lair:5   | Reached XP level 13. HP: 94/113 MP: 7/22
 24573 | Lair:5   | Reached skill level 11 in Fighting
 24620 | Lair:5   | Reached skill level 5 in Dodging
 25194 | Lair:5   | Reached skill level 1 in Transmutations
 25587 | Lair:5   | Noticed a dire elephant
 26681 | D:12     | Found a runed translucent gate.
 26681 | D:12     | Found a runed translucent gate.
 26681 | D:12     | Found a runed translucent gate.
 26992 | D:12     | Reached skill level 12 in Fighting
 26992 | D:12     | Reached XP level 14. HP: 122/126 MP: 24/24
 27239 | D:12     | Noticed LobsterGuardian's ghost (journeyman DsFi)
 27517 | D:13     | Noticed Josephine
 27548 | D:13     | Killed Josephine
 27931 | D:13     | Identified the +0 chain mail of the Northern Lights
                  | {Rampage Str+3}
 28077 | D:13     | Reached skill level 1 in Shields
 28445 | D:13     | Found a gate to the Vaults.
 28445 | D:13     | Noticed an ironbound preserver
 28457 | D:13     | Killed an ironbound preserver
 28615 | D:13     | Noticed Kirke
 28625 | D:13     | Killed Kirke
 28626 | D:13     | Reached skill level 5 in Transmutations
 29064 | D:8      | Bought a book of Alchemy for 364 gold pieces
 29071 | D:8      | Learned a level 5 spell: Irradiate
 30239 | D:15     | Entered Level 15 of the Dungeon
 30359 | Orc:1    | Entered Level 1 of the Orcish Mines
 30703 | Orc:2    | Entered Level 2 of the Orcish Mines
 30855 | Orc:2    | Noticed Jorgrun
 30858 | Orc:2    | Found a staircase to the Elven Halls.
 30874 | Orc:2    | Killed Jorgrun
 31235 | Orc:2    | Found Jadymasus's Antique Armour Boutique.
 32295 | Orc:2    | Reached skill level 5 in Shields
 32385 | Orc:2    | Found Xajorghoa's Antique Armour Emporium.
 33097 | Orc:2    | Found a runed translucent gate.
 33097 | Orc:2    | Found a runed translucent gate.
 33097 | Orc:2    | Found a runed translucent gate.
 33124 | Orc:2    | Noticed an orc warlord
 33159 | Orc:2    | Killed an orc warlord
 33593 | Orc:2    | Found Nusoink's Antique Weapon Shoppe.
 33597 | Orc:2    | Found Mal Duh's Antique Armour Emporium.
 33780 | Orc:2    | Noticed bmack86's ghost (journeyman MiFi)
 34438 | D:15     | Reached skill level 1 in Armour
 34701 | D:15     | Reached XP level 15. HP: 134/134 MP: 25/25
 34733 | D:15     | Identified a scroll of acquirement
 34734 | D:15     | Acquired freelancePsychic's Spellbook of the Salvo
 34930 | D:15     | Found a staircase to the Depths.
 35683 | Depths:1 | Entered Level 1 of the Depths
 35691 | Depths:1 | Reached skill level 13 in Fighting
 36218 | Depths:1 | Noticed a quicksilver dragon
 36221 | Depths:1 | a quicksilver dragon changed into a stone giant
 36222 | Depths:1 | a stone giant changed into a fenstrider witch
 36222 | Depths:1 | Noticed a fenstrider witch (glowing shapeshifter)
 36223 | Depths:1 | a fenstrider witch changed into an alligator snapping
                  | turtle
 36237 | Depths:1 | Found a gateway to Hell.
 36252 | Depths:1 | Found Xiedyihurgh's Antique Armour Shop.
 36294 | Depths:1 | Noticed a storm dragon
 36295 | Depths:1 | a storm dragon changed into a death yak
 36840 | Shoals:1 | Entered Level 1 of the Shoals
 37002 | Shoals:1 | Found Nomuj's Antique Armour Shoppe.
 37011 | Shoals:1 | Bought a runed cloak for 180 gold pieces
 37338 | Shoals:1 | Noticed a kraken
 37368 | Shoals:1 | Killed a kraken
 39139 | Shoals:3 | Reached skill level 5 in Armour
 39427 | Shoals:3 | Noticed Ilsuiw
 39746 | Shoals:3 | Killed Ilsuiw
 40356 | Shoals:3 | Noticed Polyphemus
 40491 | Shoals:3 | Killed Polyphemus
 40636 | Shoals:3 | Identified the +8 short sword of the Unspeakable One
                  | {venom, *Slow Str+5}
 40859 | Spider:1 | Entered Level 1 of the Spider Nest
 40859 | Spider:1 | You are sucked into a shaft and drop 1 floor!
 41067 | Spider:2 | Noticed Nikola
 41096 | Spider:2 | Killed Nikola
 41097 | Spider:2 | Reached skill level 14 in Fighting
 41097 | Spider:2 | Reached XP level 16. HP: 87/146 MP: 26/26
 42795 | Spider:1 | Identified the +0 plate armour of the Flying Gods {Drain
                  | rN+ Str+3}
 43361 | Spider:2 | Reached skill level 10 in Shields
 47821 | Spider:4 | Entered Level 4 of the Spider Nest
 49188 | Spider:4 | Noticed Arachne
 50060 | Shoals:4 | Entered Level 4 of the Shoals
 50060 | Shoals:4 | Noticed Mlioglotl
 50306 | Elf:1    | Entered Level 1 of the Elven Halls
 50328 | Elf:1    | Reached skill level 15 in Fighting
 50582 | Elf:1    | Reached XP level 17. HP: 70/156 MP: 2/27
 51764 | Elf:1    | Reached skill level 10 in Armour
 52253 | Elf:1    | Got the Meditations on Malignant Magic
 52689 | Elf:2    | Identified the +4 scale mail "Gijid" {Will+ Int+4}
 52711 | Elf:2    | Found a flickering gateway to a bazaar.
 52759 | Bazaar   | Entered a bazaar
 52759 | Bazaar   | Found Sacuag's Antique Weapon Shoppe.
 52813 | Bazaar   | Found Emucusem's Jewellery Shoppe.
 52822 | Bazaar   | Found Wubask's Weapon Emporium.
 52827 | Bazaar   | Found Deleto's Book Shoppe.
 53066 | Elf:2    | Acquired the ring of Coomo {rElec rN+ Int+6}
 53319 | Elf:3    | Entered Level 3 of the Elven Halls
 53730 | Elf:2    | Reached skill level 5 in Spellcasting
 54242 | Elf:3    | Found Ramufy's Weapon Boutique.
 54851 | Orc:2    | Bought the +3 pair of gauntlets of War {Slay+5} for 1615
                  | gold pieces
 54851 | Orc:2    | Found the +3 pair of gauntlets of War {Slay+5}
 55049 | Elf:3    | Reached skill level 1 in Earth Magic
 55142 | Elf:3    | Identified the +5 lajatang of Hepliaklqana's Favour {heavy,
                  | rElec rN+ Dex+4}
 55142 | Elf:3    | Identified the ring "Tudat" {Wiz rF++ rN+ Stlth+}
 55209 | Elf:3    | Identified the +0 plate armour of Bomn {+Inv rF+ rCorr
                  | Str-4}
 55209 | Elf:3    | Noticed a deep elf blademaster
 55221 | Elf:3    | Killed a deep elf blademaster
 55314 | Elf:3    | Noticed a deep elf blademaster
 55503 | Elf:3    | Noticed a Hell Sentinel
 55504 | Elf:3    | Identified the +3 great sword of Usawn {heavy, rC+}
 55504 | Elf:3    | Identified the ring "Wacal" {+Blink MP+9 Int+3}
 55506 | Elf:3    | Noticed a deep elf blademaster
 55581 | Elf:3    | Identified the amulet "Arrecaot" {Regen+ Dex+4}
 55581 | Elf:3    | Noticed a deep elf blademaster
 55591 | Elf:3    | Killed a deep elf blademaster
 55605 | Elf:3    | Killed a deep elf blademaster
 55635 | Elf:3    | Reached XP level 18. HP: 118/162 MP: 18/31
 55810 | Elf:3    | Reached skill level 10 in Conjurations
 55930 | Elf:3    | Identified the +4 kite shield "Witaruh" {rPois rC+ Str+2
                  | Slay-3}
 55931 | Elf:3    | Identified the +0 robe "Elauhute" {Stlth+}
 55943 | Elf:3    | Got the Tome of the Changing Retinue
 55948 | Elf:3    | Got Sif Muna's Spellbook of Prime Beckoning
 55953 | Elf:3    | Identified the staff of cold "Dyizalyn" {rPois rC+ Str+2
                  | Int+2 Dex-3}
 55961 | Elf:3    | Got the Catalogue of Gases
 55964 | Elf:3    | Identified the staff of fire "Penagina" {rF+ Int+2}
 56189 | Elf:3    | Learned a level 5 spell: Arcjolt
 56192 | Elf:3    | Learned a level 2 spell: Sublimation of Blood
 56198 | Elf:3    | Learned a level 5 spell: Borgnjor's Vile Clutch
 56867 | Shoals:4 | Killed Mlioglotl
 56868 | Shoals:4 | Reached skill level 5 in Stealth
 56868 | Shoals:4 | Reached skill level 1 in Necromancy
 57287 | Shoals:4 | Reached skill level 5 in Earth Magic
 57326 | Shoals:4 | Got a barnacled rune of Zot
 59238 | Spider:4 | Identified the scarf "Irphob" {harm, *Corrode Regen+ Dex+3}
 59288 | Spider:4 | Got a gossamer rune of Zot
 59488 | Spider:4 | Reached XP level 19. HP: 170/170 MP: 32/32
 59523 | Spider:4 | Killed Arachne
 60046 | Vaults:1 | Entered Level 1 of the Vaults
 60117 | Vaults:1 | Reached skill level 5 in Necromancy
 60597 | Vaults:1 | Found Soc Ritig's General Store.
 60608 | Vaults:1 | Bought 2 potions of haste for 320 gold pieces
 60608 | Vaults:1 | Bought a scroll of teleportation for 48 gold pieces
 60952 | Vaults:1 | Identified the +0 helmet of Noon {Int+3}
 61131 | Vaults:1 | Found Vugac Nubutu's Weapon Emporium.
 61518 | Vaults:1 | Reached skill level 10 in Dodging
 61518 | Vaults:1 | Reached XP level 20. HP: 162/180 MP: 29/33
 61618 | Vaults:1 | Found Zav Efepn's Antique Weapon Shop.
 61799 | Vaults:1 | Noticed Donald
 61809 | Vaults:1 | Killed Donald
 61810 | Vaults:1 | Reached skill level 16 in Fighting
 62203 | Vaults:2 | Found a magical portal.
 62212 | WizLab   | Entered The Chambers of the Cloud Mage
 62327 | WizLab   | Paralysed by an air elemental for 1 turns
 62414 | Abyss:1  | Cast into level 1 of the Abyss (an apocalypse crab)
 63325 | Abyss:4  | Paralysed by accursed screaming for 1 turns
 63356 | WizLab   | Escaped the Abyss
 63521 | WizLab   | Paralysed by you for 4 turns
 63550 | WizLab   | Paralysed by an air elemental for 1 turns
 63649 | WizLab   | Paralysed by you for 2 turns
 63666 | WizLab   | Paralysed by an air elemental for 1 turns
 63692 | WizLab   | Noticed Sitaciagg
 63716 | WizLab   | Killed Sitaciagg the Cloud Mage
 63832 | WizLab   | Got the Meditations on Ceraunoscopy
 63842 | WizLab   | Identified the ring "Kepion" {*Corrode Fly Will+++ MP+9}
 64757 | Vaults:2 | Found a staircase to the Crypt.
 65806 | Vaults:2 | Found a gateway to a bazaar.
 66235 | Vaults:3 | Identified the +7 morningstar of Innocence {freeze, rPois
                  | rC+ Str+2}
 66250 | Vaults:3 | Reached skill level 17 in Fighting
 66326 | Vaults:3 | Reached XP level 21. HP: 40/191 MP: 1/35
 66780 | Vaults:3 | Reached skill level 15 in Shields
 67125 | Vaults:3 | Identified the +10 quarterstaff of Quick Death {holy,
                  | rElec}
 67675 | Vaults:4 | Paralysed by a great orb of eyes for 4 turns
 68828 | Vaults:4 | Identified the +3 war axe "Foycsinni" {speed, Will+ Str+3
                  | Int+3}
 69779 | Depths:1 | Found a one-way gate to the infinite horrors of the Abyss.
 69803 | Depths:1 | Found a one-way gateway to a ziggurat.
 70394 | Depths:2 | Reached skill level 18 in Fighting
 70849 | Depths:2 | Noticed Bai Suzhen
 70859 | Depths:2 | Identified the +9 great sword of Osmev {chaos, rPois Int+2
                  | Dex+4 Stlth-}
 70862 | Depths:2 | Identified the +10 long sword of Pestilence {antimagic,
                  | rCorr Str+5 Int-3 Stlth+}
 70893 | Depths:1 | Killed Bai Suzhen
 71156 | Depths:1 | Bought a scorched scale mail for 378 gold pieces
 71156 | Depths:1 | Identified the +6 scale mail of Starshine {rF+ Dex+2} (You
                  | bought it in a shop on level 1 of the Depths)
 71198 | Depths:2 | Found a one-way gate leading to the halls of Pandemonium.
 71726 | Depths:2 | Reached XP level 22. HP: 177/204 MP: 28/36
 72802 | Orc:2    | Bought a runed kite shield for 232 gold pieces
 73123 | Depths:3 | Reached skill level 19 in Fighting
 73528 | Depths:3 | Found Bulacy's Antique Armour Shop.
 73530 | Depths:3 | Found Fuucvam's Weapon Boutique.
 73533 | Depths:3 | Found Eshom's Magic Scroll Shop.
 73544 | Depths:3 | Bought a twisted helmet for 399 gold pieces
 73544 | Depths:3 | Identified the +1 helmet "Laophunu" {Dex+2} (You bought it
                  | in a shop on level 3 of the Depths)
 73905 | Depths:3 | Reached skill level 15 in Dodging
 74204 | Depths:3 | Found a gateway to a bazaar.
 74439 | Depths:4 | Entered Level 4 of the Depths
 74520 | Depths:4 | Noticed Margery
 74563 | Depths:4 | Killed Margery
 74699 | Depths:4 | Found Sisopt's Book Shop.
 74699 | Depths:4 | Found Besesm's Weapon Boutique.
 75393 | Depths:4 | Found a gate to the Realm of Zot.
 75486 | Depths:4 | Noticed Jory
 75507 | Depths:4 | Killed Jory
 75562 | Depths:4 | Noticed Parghit
 75777 | Depths:4 | Voluntarily entered the Abyss.
 75890 | Abyss:4  | Noticed an ancient lich
 75927 | Abyss:4  | Killed an ancient lich
 75928 | Abyss:4  | Reached skill level 20 in Fighting
 75955 | Abyss:4  | Got an abyssal rune of Zot
 75965 | Depths:4 | Escaped the Abyss
 76472 | Vaults:5 | Entered Level 5 of the Vaults
 76860 | Vaults:5 | Noticed Frederick
 76869 | Vaults:5 | Noticed an ancient lich
 76880 | Vaults:5 | Killed Frederick
 76895 | Vaults:5 | Killed an ancient lich
 76918 | Vaults:5 | Reached XP level 23. HP: 78/215 MP: 1/42
 77013 | Vaults:5 | Reached skill level 10 in Spellcasting
 77223 | Vaults:5 | Identified the +9 hand axe of Melee {venom, +Blink Will+}
 77442 | Vaults:5 | Reached skill level 5 in Fire Magic
 77478 | Vaults:5 | Noticed a dread lich
 77501 | Vaults:5 | Killed a dread lich
 77896 | Vaults:5 | Identified the +6 dire flail of the New World {elec, Will+
                  | Dex+4}
 77915 | Vaults:5 | Identified the staff of fire "Upto" {rF+ rN+ Int+4 Dex+2
                  | Stlth-}
 78356 | Vaults:5 | Reached skill level 10 in Air Magic
 78811 | Vaults:5 | Got a silver rune of Zot
 78984 | Vaults:5 | Got Sif Muna's Spellbook of Filthy Despair
 79153 | Vaults:5 | Found Unuturo's Assorted Antiques.
 79177 | Vaults:5 | Got Acku's Omnibus of Changed Assaults
 79188 | Vaults:5 | Got Asmodeus's Verses on Bringing Forth
 79582 | Depths:3 | Bought a scroll of acquirement for 936 gold pieces
 79582 | Depths:3 | Acquired a book of Annihilations
 79842 | Crypt:1  | Entered Level 1 of the Crypt
 79943 | Crypt:1  | Found a transporter.
 80262 | Crypt:1  | Found a transporter.
 81178 | Crypt:1  | Identified the +0 pair of boots "Koog" {rPois}
 81185 | Crypt:1  | Identified the ring "Mees" {rC+ rCorr Str+3}
 81191 | Crypt:1  | Identified the ring "Hamomuept" {Will+ Str-3 Int+3 Stlth+}
 81773 | Crypt:2  | Reached XP level 24. HP: 156/225 MP: 37/42
 81787 | Crypt:2  | HP: 5/225 [reaper/+3 scythe of protection (31)]
 82570 | Crypt:3  | Entered Level 3 of the Crypt
 82900 | Crypt:3  | Identified the +7 trident "Reod Yrr" {freeze, Int+3 Dex+2}
 82944 | Crypt:3  | Found a staircase to the Tomb.
 83527 | Crypt:3  | Identified the ring "Tughaoxa" {rN+ Will++ rCorr}
 83527 | Crypt:3  | Identified the ring "Tawkeuti" {rElec rN+ MP+9}
 83527 | Crypt:3  | Identified the ring of Gluttony {rN+ Str+3}
 84518 | Crypt:3  | Learned a level 9 spell: Chain Lightning
 84864 | Hell     | Entered the Vestibule of Hell
 84864 | Hell     | Noticed Geryon
 85349 | Hell     | Killed Geryon
 85550 | Hell     | Noticed Murray
 85618 | Depths:1 | Learned a level 8 spell: Maxwell's Capacitive Coupling
 86110 | Hell     | Found a gateway to the freezing wastes of Cocytus.
 86500 | Hell     | Found a gateway to the ashen valley of Gehenna.
 86633 | Hell     | Found a gateway to the Iron City of Dis.
 86883 | Hell     | Found a gateway to the decaying netherworld of Tartarus.
 87041 | Zot:1    | Entered Level 1 of the Realm of Zot
 87449 | Zot:1    | HP: 8/225 [purple draconian/bolt of dispelling energy[a red
                  | draconian scorcher] (24)]
 87449 | Zot:1    | HP: 3/225 [purple draconian/+0 halberd[a red draconian
                  | scorcher] (5)]
 87454 | Zot:1    | HP: 4/225 [poisoned by a black draconian]
 87798 | Zot:1    | Reached skill level 15 in Air Magic
 87966 | Zot:1    | Reached skill level 15 in Conjurations
 89015 | Zot:2    | Gained mutation: Armour fits poorly on your strangely
                  | shaped body. [mutagenic glow]
 89166 | Zot:2    | Reached XP level 25. HP: 180/232 MP: 42/42
 89312 | Zot:2    | Noticed Vv
 89321 | Zot:2    | Killed Vv
 90063 | Zot:2    | Found a runed translucent door.
 90063 | Zot:2    | Noticed Rudyous's ghost (veteran DsFE)
 90071 | Zot:2    | Killed Rudyous's ghost
 91470 | Zot:4    | Paralysed by a Zot trap for 4 turns
 92081 | Zot:4    | Found Uwuqona's Changing Room.
 92337 | Zot:5    | Entered Level 5 of the Realm of Zot
 93054 | Zot:5    | Noticed a dread lich
 93105 | Zot:5    | Noticed a dread lich
 93110 | Zot:5    | Noticed an orb of fire
 93121 | Zot:5    | Gained mutation: You are dopey. (Int -2) [mutagenic glow]
 93163 | Zot:5    | Gained mutation: You are strong-willed. (Will+) [mutagenic
                  | glow]
 93224 | Zot:5    | Noticed a dread lich
 93228 | Zot:5    | Killed a dread lich
 93236 | Zot:5    | Killed an orb of fire
 93256 | Zot:5    | Killed a dread lich
 93270 | Zot:5    | Noticed an ancient lich
 93290 | Zot:5    | Killed an ancient lich
 93685 | Zot:5    | Noticed a dread lich
 93686 | Zot:5    | Noticed an orb of fire
 93687 | Zot:5    | Noticed an ancient lich
 93690 | Zot:5    | Killed an orb of fire
 93694 | Zot:5    | Noticed an orb of fire
 93703 | Zot:5    | Got the Orb of Zot
 93708 | Zot:5    | Noticed Zaunteil the pandemonium lord
 93749 | Zot:5    | Noticed Ysyun the pandemonium lord
 93754 | Zot:5    | HP: 1/230 [Zaunteil the pandemonium lord (14)]
 93757 | Zot:5    | Engulfed by Zaunteil the pandemonium lord's freezing vapour

Illustrated notes

Levels and vault maps discovered:
D:1:      ebering_hopf_link, layout_basic, minmay_misc_feat_tiny,
          chequers_serial_rivers_room_b
D:2:      layout_loops_ring, basic_altar, nicolae_underground_beach
D:3:      layout_basic, ashenzari_conservatory_becter
D:4:      minmay_inner_zag, layout_cave_pools,
          grunt_temple_overflow_order_and_chaos_2,
          mainiacjoe_overflow_concentric_impassable
D:5:      layout_basic, due_unseen_surprise
D:6:      layout_basic, elyvilon_altar_5, temple_green, serial_shops,
          nicolae_shop_peninsula, nicolae_shop_bloodbath_and_beyond,
          nicolae_lakefront_shop, uniq_crazy_yiuf_cottage
D:7:      layout_basic, hellmonk_ghost_happy_afterlife
D:8:      layout_basic, minmay_overflow_temple_star_hex, nemelex_altar_shiori,
          minmay_lair_entry_lava, serial_shops, nicolae_book_shop_shelving,
          serial_co_window_serial, co_window_corner_a, co_window_paths_a,
          co_window_paths_a, co_window_corner_a, co_window_paths_b,
          co_window_paths_a, co_window_of_opportunity_b,
          co_window_unsneaky_path_e, co_window_corner_b,
          co_window_of_opportunity_c, co_window_paths_e, glass_columns_c,
          chequers_serial_rivers_room_a, nicolae_shop_firing_range
D:9:      layout_basic, orc_0_dummy, serial_curves, eino_curves_03,
          eino_curves_03
D:10:     layout_stronghold, grunt_gozag_breadcrumbs, kiku_gazebo_pond_becter,
          enter_bailey_2, ebering_dispersal_statue_hall,
          kennysheep_generic_room_14, uniq_nergalle
D:11:     layout_basic, serial_glass, glass_columns_a, glass_columns_a,
          ebering_ghost_rock_garden, serial_shops, shop, lightli_church_of_beogh
D:12:     layout_cave_pools, gammafunk_ghost_nasty_kobolds
D:13:     layout_basic, skrybe_vaults_entry_preservation, uniq_kirke,
          uniq_josephine
D:14:     layout_rooms, chequers_garden, david_defended_altar_orc
D:15:     hangedman_depths_entry_try_elsewhere_first, layout_cave_pools,
          nicolae_wu_jian_wuxing_cycle, nicolae_dithmenos_shadow_blocks
Lair:1:   layout_cave_pods, basic_altar, minivault_25, roderic_batcave,
          lemuel_centaur_altar, uniq_sonja
Lair:2:   layout_regular_city, spider_nest_entry_webs,
          nicolae_quartered_pool_medium, grunt_forest_large_clearings
Lair:3:   layout_concentric_octagons, minmay_shoals_entry_lonely_mermaid
Lair:4:   layout_gridlike, minmay_slime_entry_oklob_open, st_stairs_6,
          hangedman_lair_unloving_vines, grunt_megastairs_2,
          serial_bayou_shore_a
Lair:5:   hangedman_lair_tendril_chambers, layout_regular_city,
          hangedman_lair_in_review
Shoals:1: layout_shoals, serial_shops, shop
Shoals:2: layout_shoals
Shoals:3: layout_shoals, nicolae_shoals_square_sea_wall, uniq_polyphemus,
          uniq_ilsuiw
Shoals:4: shoals_end_grunt_ice, layout_shoals, uniq_mlioglotl
Spider:1: layout_spider_delve
Spider:2: layout_cave_pods, hellmonk_test_site, uniq_nikola
Spider:3: layout_chambers
Spider:4: johnstein_spider_rune_arachne_lair, nicolae_spider_nooks_and_crannies
Orc:1:    layout_caves
Orc:2:    grunt_orc_community_town_hall, layout_caves,
          grunt_orc_community_big_house_2, grunt_orc_community_big_house_2,
          grunt_orc_community_house_1, grunt_orc_community_house_1,
          grunt_orc_community_house_1, grunt_orc_community_house_3,
          grunt_orc_community_house_2, ebering_ghost_gozag, minmay_orc_temple_c,
          uniq_jorgrun
Elf:1:    eino_elf_arrival_customs, layout_geoelf_octagon,
          minmay_elf_necromancy, st_stairs_14
Elf:2:    nicolae_elf_blades_splatter_lattice [nicolae_blade_entry_pointy_end],
          layout_rooms, serial_shops, bzr_entry_gold
Elf:3:    minmay_elf_hall_statues, layout_loops_cross, serial_shops,
          nicolae_shop_trees
Vaults:1: v_rooms_4, ontoclasm_vaults_tryst, nicolae_vaults_ring_of_whatevers,
          nicolae_vaults_cornered_office, nicolae_vaults_storage_closets_2,
          nicolae_vaults_quartermaster, v_rooms_2,
          ontoclasm_vaults_decontamination, nicolae_vaults_trapezoid_lopsided_1,
          dpeg_vaults_monster_box, nicolae_vaults_surprise_closet,
          layout_vaults_omnicross, serial_shops,
          nicolae_shop_tiny_real_fake_doors, shop_fountains,
          nicolae_lakefront_shop, uniq_donald
Vaults:2: infiniplex_enter_wizlab_water, hangedman_vaults_trim,
          nicolae_vaults_diamond_1, hangedman_vaults_pinch, v_misc_12,
          nicolae_vaults_more_shelving_2, vaults_room_stairs_pillars,
          vaults_room_grunt_arrival_checkpoint,
          nicolae_vaults_oval_intersection, vaults_room_corners,
          vaults_dpeg_encased_lava, layout_vaults_chaotic_city, serial_shops,
          bzr_entry_road
Vaults:3: hangedman_vaults_restitches, nicolae_vaults_three_branches,
          v_pattern_5, hangedman_vaults_stream,
          nicolae_vaults_shrinking_rooms_2, nicolae_vaults_tangram_2,
          nicolae_vaults_what_the_h, nicolae_vaults_little_squares_6,
          nicolae_vaults_layer_cake_slice, dpeg_vaults_hating_casters,
          nicolae_vaults_trapezoid_1, layout_vaults_maze
Vaults:4: nicolae_vaults_asterisk, v_rooms_5, v_misc_22,
          nicolae_vaults_storage_room_glass, ontoclasm_vaults_chip,
          nicolae_vaults_weapon_check, nicolae_vaults_two_Ls,
          layout_vaults_omnigrid
Vaults:5: uniq_frederick
Crypt:1:  gammafunk_sealed_arena, layout_gridlike, grunt_ministairs_10,
          minmay_misc_feat_five, lemuel_dead_fish_pool,
          nicolae_crypt_ancient_font, corexii_hall_statues_i,
          grunt_crypt_arrival_webbed
Crypt:2:  layout_misc_corridors, st_vampire_maze
Crypt:3:  church_of_pain_bobbens, layout_chaotic_city, grunt_megastairs_3
Depths:1: layout_cave_pools, enter_ziggurat_d, hell_entry, serial_shops,
          nicolae_shop_stone, hangedman_decor_riveting, abyss_entry_crystal,
          nrook_uturn, hangedman_abyss_or_decor_jellyfish_corner, drop_trap,
          amcnicky_mini_corridor_feature, nicolae_vehumet_altar_sigil
Depths:2: minmay_the_grid_3x2 [minmay_the_grid_box_x,
          minmay_the_grid_medium_cups, minmay_the_grid_empty,
          minmay_the_grid_armoury, minmay_the_grid_minigrid_small,
          minmay_the_grid_prize_inner_circle], layout_cave_pools, pan_entry,
          grunt_decor_clamped, pf_hell_entry_tar_spiral, special_room
          [special_room_jelly], uniq_bai_suzhen
Depths:3: evilmike_negative_zone, layout_gridlike, grunt_decor_fettered,
          grunt_hell_entry_dis_grunt, serial_shops, bzr_entry_customers,
          abyss_entry, lightli_minifort, minmay_shop_star,
          minmay_staircase_statues_hall_large
Depths:4: evilmike_zot_entry_basic, layout_gridville, abyss_entry_glasseish,
          grunt_pan_entry_zigzag, hell_entry, brannock_xom_greatest_gift,
          minmay_shoptagon, uniq_parghit, uniq_jory, uniq_margery
Hell
Zot:1:    layout_concentric_octagons
Zot:2:    layout_misc_corridors, gammafunk_ghost_grave, uniq_vv, uniq_josephina
Zot:3:    evilmike_crystal_ball_defense, layout_misc_corridors
Zot:4:    layout_gridlike, nicolae_transmutations_shop
Zot:5:    layout_misc_corridors

Skill      XL: |  1  2  3  4  5  6  7  8  9 10 11 12 13 14 15 16 17 18 19 20 21 22 23 24 25 |
---------------+----------------------------------------------------------------------------+-----
Conjurations   | 1 2 3 4 5 7 8 9 10 11 15 18 | 18.3
Stealth        | 2 3 4 8 |  8.5
Fire Magic     | 3 7 |  7.6
Spellcasting   | 2 3 4 6 9 10 | 10.0
Air Magic      | 1 2 3 4 5 6 7 11 15 18 | 18.4
Ice Magic      | 1 2 3 4 5 6 7 |  7.6
Fighting       | 2 4 6 8 10 12 14 15 17 18 20 | 20.4
Polearms       | 3 8 11 12 | 12.0
Dodging        | 7 8 9 10 11 14 15 | 15.8
Transmutations | 3 6 8 |  8.0
Shields        | 5 8 11 12 14 16 | 16.0
Armour         | 1 6 8 12 | 12.3
Earth Magic    | 3 6 7 8 |  8.1
Necromancy     | 4 6 |  6.0

Action                     |  1- 3 |  4- 6 |  7- 9 | 10-12 | 13-15 | 16-18 | 19-21 | 22-24 | 25-27 || total
---------------------------+-------+-------+-------+-------+-------+-------+-------+-------+-------++-------
  Melee: Unarmed           |    30 |       |       |       |       |       |       |       |       ||    30
         Whip              |    24 |    44 |       |       |       |       |       |       |       ||    68
         Dagger            |       |    19 |   193 |       |       |       |       |       |       ||   212
         Punch             |       |     1 |     4 |     7 |    12 |       |       |       |       ||    24
         Lance             |       |       |     5 |   377 |  1486 |  1859 |  2178 |  3376 |   573 ||  9854
   Cast: Foxfire           |    30 |    16 |    62 |       |       |       |       |       |       ||   108
         Scorch            |    42 |    70 |   133 |    28 |    10 |     1 |       |       |       ||   284
         Freezing Cloud    |       |       |     3 |   103 |   155 |    99 |     8 |       |       ||   368
         Irradiate         |       |       |       |       |    35 |    98 |    76 |    76 |    26 ||   311
         Borgnjor's Vile C |       |       |       |       |       |    14 |    77 |    54 |    18 ||   163
         Arcjolt           |       |       |       |       |       |     4 |    40 |    36 |       ||    80
         Sublimation of Bl |       |       |       |       |       |       |     6 |       |       ||     6
         Maxwell's Capacit |       |       |       |       |       |       |       |    11 |    25 ||    36
  Evoke: Wand              |       |       |     8 |     1 |       |     5 |     3 |     1 |       ||    18
         Box of beasts     |       |       |       |       |       |       |       |     1 |       ||     1
    Use: Scroll            |     6 |     5 |     7 |    11 |    21 |    17 |     4 |    19 |     5 ||    95
         Potion            |     1 |       |     6 |     3 |     9 |    10 |     2 |    11 |    10 ||    52
   Stab: Sleeping          |       |       |     2 |     1 |    15 |    15 |    25 |    36 |     2 ||    96
         Paralysed         |       |       |     5 |     4 |       |       |       |       |       ||     9
         Distracted        |       |       |       |     1 |     2 |     4 |     4 |    13 |     2 ||    26
         Petrifying        |       |       |       |       |     1 |       |       |       |       ||     1
         Invisible         |       |       |       |       |     6 |     1 |       |       |       ||     7
 Armour: Robe              |    25 |    16 |    20 |       |       |       |       |       |       ||    61
         Skin              |       |       |    29 |    16 |       |       |       |       |       ||    45
         Leather armour    |       |       |    27 |    23 |       |       |       |       |       ||    50
         Steam dragon scal |       |       |       |   146 |   267 |   355 |       |       |       ||   768
         Scale mail        |       |       |       |       |       |   279 |   623 |   819 |   254 ||  1975
  Dodge: Dodged            |    49 |    68 |   142 |   204 |   446 |   526 |   666 |  1153 |   340 ||  3594
  Block: Other             |       |     7 |    56 |    96 |    55 |       |       |       |       ||   214
         Reflection        |       |       |     2 |     5 |    39 |    44 |       |       |       ||    90
         Buckler           |       |       |       |       |   170 |       |       |       |       ||   170
         Kite shield       |       |       |       |       |   162 |  1227 |  1009 |  2149 |   514 ||  5061

Table legend: (Time is in decaauts)
 A = Elapsed time spent in this place.
 B = Non-inter-level travel time spent in this place.
 C = Inter-level travel time spent in this place.
 D = Time resting spent in this place.
 E = Time spent auto-exploring this place.
 F = Levels seen in this place.
 G = Mean time per level.
                   A        B        C        D        E       F      G
               +--------+--------+--------+--------+--------+-----+--------+
         Total |  90028 |  82051 |   7977 |   7816 |  58193 |  59 | 1525.9 |
       Dungeon |  23283 |  20303 |   2980 |   1523 |  16236 |  15 | 1552.2 |
          Lair |  10069 |   9102 |    967 |    527 |   7434 |   5 | 2013.8 |
        Shoals |   5447 |   4688 |    759 |    266 |   3642 |   4 | 1361.8 |
   Spider Nest |   9986 |   9658 |    328 |   1833 |   6182 |   4 | 2496.5 |
  Orcish Mines |   3385 |   2992 |    393 |      0 |   2425 |   2 | 1692.5 |
   Elven Halls |   5581 |   5179 |    402 |    809 |   3313 |   3 | 1860.3 |
        Vaults |  10236 |   9229 |   1007 |    153 |   6598 |   5 | 2047.2 |
         Crypt |   4318 |   4065 |    253 |    215 |   2539 |   3 | 1439.3 |
        Depths |   7967 |   7305 |    662 |   1416 |   4350 |   4 | 1991.8 |
          Hell |   1001 |    962 |     39 |      0 |    669 |   1 | 1001.0 |
           Zot |   5973 |   5792 |    181 |    815 |   3580 |   5 | 1194.6 |
         Abyss |    968 |    968 |      0 |     59 |    278 |   5 |  193.6 |
        Bazaar |    115 |    115 |      0 |      0 |    108 |   1 |  115.0 |
        Bailey |    940 |    940 |      0 |    107 |    433 |   1 |  940.0 |
        Wizlab |    752 |    752 |      0 |     91 |    404 |   1 |  752.0 |
               +--------+--------+--------+--------+--------+-----+--------+

Top non-repeatable levels by time:
Spider:3: 4874 daAuts
Depths:1: 2903 daAuts
   Orc:2: 2742 daAuts
     D:8: 2473 daAuts
  Lair:5: 2407 daAuts
Vaults:1: 2303 daAuts
Vaults:5: 2243 daAuts
  Lair:4: 2175 daAuts
     D:9: 2127 daAuts
  Lair:2: 2101 daAuts
   Elf:1: 2069 daAuts
Vaults:2: 2036 daAuts
Vaults:4: 1976 daAuts
Spider:4: 1901 daAuts
    D:10: 1855 daAuts
